 Dungeon Crawl Stone Soup version 0.31-a0-174-g85c54bcb58 (webtiles) character file.

Game seed: 6299899574586742168

5307 promet the Basher (level 10, -2/61 HPs)
             Began as a Gargoyle Fighter on June 15, 2023.
             Was a Believer of Nemelex Xobeh.
             Slain by a two-headed ogre
             ... wielding a +0 giant club
              (14 damage)
             ... on level 9 of the Dungeon.
             The game lasted 00:54:17 (14196 turns).

promet the Basher (Gargoyle Fighter)               Turns: 14196, Time: 00:54:18

Health: -2/61      AC: 24    Str: 21    XL:     10   Next: 64%
Magic:  10/10      EV: 12    Int: 10    God:    Nemelex Xobeh [**....]
Gold:   374        SH: 10    Dex: 11    Spells: 9/9 levels left

rFire   . . .        b - +0 sling (freeze)
rCold   . . .        c - +0 buckler
rNeg    + . .        L - +0 steam dragon scales
rPois   ∞            k - +2 helmet
rElec   +            q - +0 cloak
rCorr   .            o - +1 pair of gloves
SInv    .            (no boots)
Will    +....        x - amulet of reflection
Stlth   ++           e - +4 ring of protection
HPRegen 0.30/turn    C - ring of willpower
MPRegen 0.12/turn

%: reflection
@: no status effects
A: sickness immunity, AC +7, negative energy resistance 1, electricity
resistance, torment resistance 1, petrification resistance
a: Renounce Religion, Draw Escape, Draw Destruction, Draw Summoning


You were on level 9 of the Dungeon.
You worshipped Nemelex Xobeh.
Nemelex Xobeh was pleased with you.
You visited 1 branch of the dungeon, and saw 9 of its levels.
You also visited: Bailey.

You collected 519 gold pieces.
You spent 145 gold pieces at shops.

Inventory:

Hand Weapons
 a - a +1 flail of protection
 b - a +0 sling of freezing (weapon)
 h - a +2 dagger of speed
 s - a +2 hand axe of flaming
 v - a +5 short sword
 D - a +3 short sword of holy wrath
 E - a +0 whip of pain
 G - a +0 orcbow
 K - a +2 vampiric trident
 N - a +1 antimagic battleaxe
 O - a +4 short sword
 P - a +3 trident
Missiles
 j - 64 stones
 r - 3 javelins
 y - 3 boomerangs
Armour
 c - a +0 buckler (worn)
 k - a +2 helmet (worn)
 o - a +1 pair of gloves (worn)
 q - a +0 cloak (worn)
 L - +0 steam dragon scales (worn)
Jewellery
 e - a +4 ring of protection (left hand)
 f - a ring of wizardry
 l - an amulet of the acrobat
 x - an amulet of reflection (around neck)
 B - a ring of flight
 C - a ring of willpower (right hand)
 Q - a ring of fire
Wands
 d - a wand of flame (19)
 w - a wand of iceblast (14)
 A - a wand of charming (16)
Scrolls
 g - 3 scrolls of fear
 i - a scroll of poison {unknown}
 J - a scroll of revelation {unknown}
Potions
 m - a potion of lignification
 n - 3 potions of enlightenment
 p - 3 potions of curing
 t - 5 potions of mutation
 u - a potion of ambrosia
 z - a potion of magic
 F - a potion of cancellation {unknown}
 H - a potion of heal wounds
 I - a potion of attraction {unknown}
 M - 2 potions of brilliance


   Skills:
 + Level 6.6 Fighting
 + Level 0.3(5.4) Axes
 + Level 9.6(9.7) Maces & Flails
 + Level 3.6 Ranged Weapons
 + Level 1.7 Throwing
 + Level 7.5 Armour
 + Level 4.2 Dodging
 + Level 3.0 Stealth
 + Level 6.5 Shields
 + Level 0.4 Evocations


You had 9 spell levels left.
You didn't know any spells.
Your spell library contained the following spells:

 Spells                   Type           Power      Damage    Failure   Level
 Beastly Appendage        Tmut           0%         N/A       41%         1
 Freeze                   Ice            0%         1d3       41%         1
 Blink                    Tloc           0%         N/A       56%         2
 Ensorcelled Hibernation  Hex/Ice        0%         N/A       56%         2
 Lesser Beckoning         Tloc           0%         N/A       56%         2
 Momentum Strike          Conj/Tloc      0%         3d8       56%         2
 Static Discharge         Conj/Air       0%         2-2/arc   56%         2
 Wereblood                Tmut           0%         N/A       56%         2
 Frozen Ramparts          Ice            0%         1d1       80%         3
 Hailstorm                Conj/Ice       0%         3d3       80%         3
 Spider Form              Tmut/Pois      0%         N/A       80%         3
 Airstrike                Air            0%         2d(0-16)  99%         4
 Anguish                  Hex/Necr       0%         N/A       99%         4
 Summon Lightning Spire   Summ/Air       0%         N/A       99%         4


Dungeon Overview and Level Annotations

Branches:
Dungeon (9/15)             Temple (0/1) D:4          Bailey (visited)
   Lair: D:8-11         Orc: D:9-12

Altars:
Ashenzari
Kikubaaqudgha
Nemelex Xobeh
Qazlal

Shops:
D:4 ?(((   D:6 (


Innate Abilities, Weirdness & Mutations

You are immune to sickness and miasma.
Your stone body is resilient. (AC +7)
You are immune to poison.
You resist negative energy. (rN+)
You are resistant to electric shocks. (rElec)
You are resistant to unholy torment.
You are immune to petrification.


Message History

The sling bullet hits the two-headed ogre but does no damage.
The two-headed ogre is moderately wounded.
You block the two-headed ogre's attack. The two-headed ogre barely misses you.
You shoot a sling bullet.
The sling bullet hits the two-headed ogre.
The sling bullet freezes the two-headed ogre.
The two-headed ogre is heavily wounded.
The two-headed ogre closely misses you.
The two-headed ogre hits you but does no damage.
You shoot a sling bullet.
The sling bullet hits the two-headed ogre.
The sling bullet freezes the two-headed ogre.
The two-headed ogre is heavily wounded.
You block the two-headed ogre's attack.
The two-headed ogre hits you with a +0 giant spiked club!
You shoot a sling bullet.
The sling bullet hits the two-headed ogre.
The sling bullet freezes the two-headed ogre.
The two-headed ogre is heavily wounded.
The two-headed ogre completely misses you.
You block the two-headed ogre's attack.
You shoot a sling bullet.
The sling bullet hits the two-headed ogre.
The sling bullet freezes the two-headed ogre.
The two-headed ogre is severely wounded.
You shoot a sling bullet.
The sling bullet hits the two-headed ogre.
The sling bullet freezes the two-headed ogre.
The two-headed ogre is severely wounded.
The two-headed ogre hits you with a +0 giant club!
* * * LOW HITPOINT WARNING * * *
You block the two-headed ogre's attack.
You shoot a sling bullet.
The sling bullet hits the two-headed ogre.
The sling bullet freezes the two-headed ogre.
The two-headed ogre is severely wounded.
The two-headed ogre hits you but does no damage.
The two-headed ogre hits you with a +0 giant spiked club!
You die...
Your body disappears without a glow.

#. #...########## #..
.#............#
#..#####.+..?.........#
#........#............#
...... #...##.......#
$... #...##.......+
#.#####..........#
#O...............#
#@###.#.##...##+## #.#
#.#.##...# ..
#.###.####...#....
......#......#.. ###
#.#......#.#
#........#.###
#...##...#....
#...##...#....
#........#.##.


You could see a two-headed ogre.

Vanquished Creatures
  Amaemon (D:8)
  An orange demon (D:8)
  Maurice (D:8)
  Prince Ribbit (D:8)
  A steam dragon (D:7)
  An acid dragon (D:8)
  A water moccasin (D:8)
  Pargi (D:3)
  2 orc warriors
  An ice beast (D:7)
  A sky beast (D:8)
  A black bear (D:5)
  An ogre (D:5)
  5 centaurs
  A phantom (D:4)
  A kobold brigand (D:6)
  7 bullfrogs
  A gnoll sergeant (D:8)
  4 scorpions
  10 wights
  3 howler monkeys
  5 orc priests
  3 jellies
  2 hounds (D:6)
  3 gnoll boudas
  3 sleepcaps
  Terence (D:3)
  5 iguanas
  5 orc wizards
  5 gnolls
  8 adders
  2 shadow imps
  3 white imps
  2 ufetubi
  A worm (D:5)
  2 dart slugs (D:3)
  36 orcs
  9 ball pythons
  4 bats
  13 endoplasms
  5 giant cockroaches
  10 goblins
  11 hobgoblins
  3 jackals (D:3)
  12 kobolds
  2 quokkas
  2 frilled lizards (D:1)
  8 rats
211 creatures vanquished.

Vanquished Creatures (others)
  A human (D:7)
1 creature vanquished.

Grand Total: 212 creatures vanquished

Notes
Turn   | Place    | Note
-------+----------+-------------------------------------------
     0 | D:1      | promet the Gargoyle Fighter began the quest for the Orb.
     0 | D:1      | Reached XP level 1. HP: 14/14 MP: 1/1
   294 | D:1      | Reached XP level 2. HP: 19/19 MP: 2/2
   913 | D:1      | Reached XP level 3. HP: 23/23 MP: 3/3
  2019 | D:2      | Reached skill level 3 in Maces & Flails
  2118 | D:2      | Reached XP level 4. HP: 28/28 MP: 4/4
  2828 | D:3      | Noticed Pargi
  2857 | D:3      | Killed Pargi
  2858 | D:3      | Reached XP level 5. HP: 15/33 MP: 5/5
  3169 | D:3      | Noticed Terence
  3182 | D:3      | Killed Terence
  3183 | D:3      | Reached XP level 6. HP: 16/38 MP: 6/6
  3871 | D:4      | Reached skill level 4 in Maces & Flails
  3915 | D:4      | Found Pahoy's Weapon Emporium.
  4059 | D:4      | Reached skill level 1 in Dodging
  4277 | D:4      | Found Ossett's Antique Weapon Shop.
  4339 | D:4      | Found a staircase to the Ecumenical Temple.
  4384 | D:4      | Found Qitenlase's Magic Scroll Shoppe.
  4549 | D:4      | Bought a scroll of identify for 24 gold pieces
  4549 | D:4      | Bought a scroll of identify for 24 gold pieces
  4549 | D:4      | Bought a scroll of teleportation for 36 gold pieces
  4588 | D:4      | Reached XP level 7. HP: 31/43 MP: 7/7
  4655 | D:4      | Found a sparkling altar of Nemelex Xobeh.
  4670 | D:4      | Became a worshipper of Nemelex Xobeh the Trickster
  4703 | D:4      | Reached skill level 5 in Maces & Flails
  4703 | D:4      | Reached skill level 5 in Armour
  4953 | D:4      | Found Qekoajor's Weapon Shop.
  5321 | D:5      | Entered Level 5 of the Dungeon
  5357 | D:5      | Reached skill level 1 in Stealth
  5780 | D:5      | Reached XP level 8. HP: 40/48 MP: 8/8
  5875 | D:5      | Reached skill level 1 in Throwing
  6020 | D:5      | Reached skill level 6 in Maces & Flails
  6255 | D:5      | Reached skill level 5 in Shields
  6879 | D:6      | Reached skill level 5 in Fighting
  6897 | D:6      | Found Nutyneus's Weapon Shoppe.
  6909 | D:6      | Reached * piety under Nemelex Xobeh
  7014 | D:6      | Bought a +0 sling of freezing for 61 gold pieces
  7623 | D:6      | Received a gift from Nemelex Xobeh
  7826 | D:7      | Found a broken altar of Ashenzari.
  7936 | D:7      | Reached skill level 7 in Maces & Flails
  8107 | D:7      | Reached XP level 9. HP: 48/54 MP: 9/9
  8255 | D:7      | Reached ** piety under Nemelex Xobeh
  8377 | D:7      | Found a flagged portal.
  8458 | Bailey   | Entered a bailey
  8834 | D:7      | Reached skill level 1 in Ranged Weapons
  9289 | D:7      | Found an ancient bone altar of Kikubaaqudgha.
 10095 | D:8      | Noticed Prince Ribbit
 10149 | D:8      | Killed Prince Ribbit
 10461 | D:8      | Found a stormy altar of Qazlal.
 10475 | D:8      | Noticed Maurice
 10531 | D:8      | Killed Maurice
 10532 | D:8      | Reached skill level 8 in Maces & Flails
 11618 | D:8      | Noticed an orange demon
 11619 | D:8      | Noticed Amaemon
 11657 | D:8      | Killed Amaemon
 11658 | D:8      | Reached XP level 10. HP: 41/60 MP: 10/10
 12168 | D:8      | Killed an orange demon
 12169 | D:8      | Reached skill level 9 in Maces & Flails
 14180 | D:9      | Noticed a two-headed ogre
 14196 | D:9      | Slain by a two-headed ogre

Illustrated notes

Levels and vault maps discovered:
D:1:      zaba_arrival_water, layout_loops_ring, minmay_misc_feat_chi
D:2:      layout_basic
D:3:      layout_loops_ring, minmay_misc_feat_diagonals, uniq_pargi,
          uniq_terence
D:4:      layout_basic, nemelex_altar_shiori, minmay_temple_entry_wispy,
          serial_shops, shop, nicolae_shop_real_fake_doors,
          nicolae_shop_crystal, shop
D:5:      kennysheep_six_static_rooms, layout_basic, serial_rivers,
          chequers_serial_rivers_small_a, chequers_serial_rivers_room_a,
          chequers_serial_rivers_micro_c, chequers_serial_rivers_micro_a,
          chequers_serial_rivers_room_b, minmay_increasing_density
D:6:      layout_basic, serial_shops, nicolae_shop_crystal,
          minmay_stone_trees_small
D:7:      minmay_skewed_foursquare, layout_basic, tgw_kikubaaqudgha,
          nicolae_ashenzari_panopticon, enter_bailey_4
D:8:      minmay_s_stair_smasher, layout_basic,
          nicolae_qazlal_general_emergency, uniq_prince_ribbit1, uniq_maurice,
          uniq_amaemon
D:9:      layout_stronghold, minmay_misc_feat_encased, grunt_decor_fettered

Skill      XL: |  1  2  3  4  5  6  7  8  9 10 |
---------------+-------------------------------+-----
Maces & Flails | 3 4 5 7 8 9 |  9.6
Shields        | 4 5 6 |  6.5
Armour         | 4 5 6 7 |  7.5
Fighting       | 4 5 6 |  6.6
Dodging        | 1 2 3 4 |  4.2
Stealth        | 1 2 3 |  3.0
Throwing       | 1 |  1.7
Ranged Weapons | 3 |  3.6
Axes           | |  0.3
Evocations     | |  0.4

Action                     |  1- 3 |  4- 6 |  7- 9 | 10-12 || total
---------------------------+-------+-------+-------+-------++-------
  Melee: Flail             |   135 |   210 |   538 |   156 ||  1039
         Hand axe          |       |       |    15 |       ||    15
   Fire: Sling             |       |       |    76 |    40 ||   116
  Throw: Javelin           |       |     4 |    20 |     3 ||    27
         Throwing net      |       |       |       |     1 ||     1
  Evoke: Wand              |       |       |     3 |     1 ||     4
    Use: Scroll            |     3 |       |    13 |     3 ||    19
         Potion            |       |     1 |     3 |       ||     4
   Stab: Invisible         |       |       |     3 |       ||     3
         Sleeping          |       |       |       |     3 ||     3
         Held in net/web   |       |       |       |     1 ||     1
 Armour: Scale mail        |    58 |   181 |    22 |       ||   261
         Chain mail        |       |       |   313 |       ||   313
         Steam dragon scal |       |       |    99 |    85 ||   184
  Dodge: Dodged            |    61 |   121 |   357 |    88 ||   627
  Block: Buckler           |    37 |    64 |   176 |    51 ||   328
         Reflection        |       |       |     1 |       ||     1

Table legend: (Time is in decaauts)
 A = Elapsed time spent in this place.
 B = Non-inter-level travel time spent in this place.
 C = Inter-level travel time spent in this place.
 D = Time resting spent in this place.
 E = Time spent auto-exploring this place.
 F = Levels seen in this place.
 G = Mean time per level.
                   A        B        C        D        E       F      G
               +--------+--------+--------+--------+--------+-----+--------+
         Total |  14422 |  13949 |    473 |   5249 |   3546 |  10 | 1442.2 |
       Dungeon |  14311 |  13838 |    473 |   5249 |   3546 |   9 | 1590.1 |
        Bailey |    110 |    110 |      0 |      0 |      0 |   1 |  110.0 |
               +--------+--------+--------+--------+--------+-----+--------+

Top non-repeatable levels by time:
     D:8: 3156 daAuts
     D:7: 2586 daAuts
     D:3: 1545 daAuts
     D:1: 1450 daAuts
     D:4: 1393 daAuts
     D:6: 1260 daAuts
     D:5: 1239 daAuts
     D:2: 1045 daAuts
     D:9: 635 daAuts
  Bailey: 110 daAuts
